 Dungeon Crawl Stone Soup version 0.26.0-45-g9c1d065592 (webtiles) character file.

Game seed: 345763970470109001

110905 kaeus the Thaumaturge (level 16, -6/124 HPs)
             Began as a Gnoll Venom Mage on Jan 30, 2021.
             Was the Champion of Ashenzari.
             Mangled by an Executioner (25 damage)
             ... summoned by a lich
             ... on level 13 of the Dungeon.
             The game lasted 01:23:10 (37315 turns).

kaeus the Thaumaturge (Gnoll Venom Mage)           Turns: 37315, Time: 01:23:10

Health: -6/124     AC: 14    Str: 13    XL:     16   Next: 56%
Magic:  22/31      EV: 23    Int: 37    God:    Ashenzari [******]
Gold:   281        SH: 23    Dex: 22    Spells: 11/38 levels left

rFire    . . .     SeeInvis +   b - +7 sceptre of Torment {pain, torment}
rCold    . . .     Faith    .   r - +5 kite shield {reflect} (curse)
rNeg     . . .     Spirit   .   h - +4 robe "Uthruev" {rElec Str-2 Dex+2 SInv}
rPois    +         Reflect  +   l - +1 hat of the Heavens {*Drain Regen+ Int+7}
rElec    +         Harm     .   c - +2 cloak
rCorr    .         Rampage  .   (no gloves)
Will     +....     Clarity  +   m - +2 pair of boots
Stlth    +++++.....             Q - amulet of reflection (curse)
HPRegen  0.70/turn              O - +6 ring of intelligence (curse)
MPRegen  0.22/turn              R - ring "Naniuvaz" {*Slow rPois Str+3 Dex+5 SInv} (curse)

@: studying Necromancy
A: distributed training, fangs 1, talons 1, poison resistance, strong nose
a: Renounce Religion, Curse Item, Scrying


You were on level 13 of the Dungeon.
You worshipped Ashenzari.
Ashenzari was exalted by your worship.
You visited 5 branches of the dungeon, and saw 25 of its levels.
You also visited: Ice Cave.

You collected 3094 gold pieces.
You spent 2813 gold pieces at shops.

Inventory:

Hand Weapons
 b - the +7 sceptre of Torment (weapon) {pain, torment}
   (You bought it in a shop on level 15 of the Dungeon)

   In the hands of one skilled in necromantic magic, it inflicts extra damage on
   living creatures.
 n - a +9 trident of flaming
 M - the +8 whip "Snakebite" {curare, rPois}
   (You found it on level 2 of the Lair of Beasts)

   It poisons the flesh of those it strikes.
   It protects you from poison.
 N - the cursed +3 great mace of the Pillar {antimagic, +Inv rElec rF++ Dex-2}
   (You acquired it on level 2 of the Orcish Mines)

   It reduces the magical energy of the wielder, and disrupts the spells and
   magical abilities of those hit.
   Natural abilities and divine invocations are not affected.
   It affects your dexterity (-2).
   It greatly protects you from fire.
   It insulates you from electricity.
   It lets you turn invisible.
   It has a curse placed upon it.
Armour
 c - a +2 cloak (worn)
 h - the +4 robe "Uthruev" (worn) {rElec Str-2 Dex+2 SInv}
   (You found it on level 2 of the Lair of Beasts)

   It affects your strength (-2).
   It affects your dexterity (+2).
   It insulates you from electricity.
   It lets you see invisible.
 l - the +1 hat of the Heavens (worn) {*Drain Regen+ Int+7}
   (You found it on level 13 of the Dungeon)

   It affects your intelligence (+7).
   It increases your rate of regeneration.
   It causes draining when unequipped.
 m - a +2 pair of boots (worn)
 r - a cursed +5 kite shield of reflection (worn)
 t - the +1 tower shield of Utiasole {Rampage rElec rN+++ Str-5}
   (You found it on level 13 of the Dungeon)

   It affects your strength (-5).
   It insulates you from electricity.
   It renders you almost immune to negative energy.
   It bestows one free step when moving towards enemies.
 B - a +1 pair of boots of stealth
Magical Staves
 E - an uncursed staff of fire
Jewellery
 a - an uncursed ring of protection from cold
 o - an uncursed amulet of regeneration
 y - an uncursed ring of protection from fire
 A - an uncursed ring of ice
 H - the ring "Kuasa" {Wiz rElec Slay+2}
   (You found it on level 13 of the Dungeon)

   [ring of wizardry]

   It improves your spell success rate.
   It affects your accuracy and damage with ranged weapons and melee attacks
   (+2).
   It insulates you from electricity.
 O - a cursed +6 ring of intelligence (left hand)
 P - an uncursed amulet of magic regeneration
 Q - a cursed amulet of reflection (around neck)
 R - the cursed ring "Naniuvaz" (right hand) {*Slow rPois Str+3 Dex+5 SInv}
   (You bought it in a shop on level 2 of the Orcish Mines)

   [ring of poison resistance]

   It affects your strength (+3).
   It affects your dexterity (+5).
   It protects you from poison.
   It lets you see invisible.
   It may slow you when you take damage.
   It has a curse placed upon it.
 Y - an uncursed ring of magical power
Wands
 S - a wand of digging (2)
Scrolls
 d - 4 scrolls of blinking
 f - 8 scrolls of amnesia
 j - 9 scrolls of teleportation
 q - 6 scrolls of fear
 s - a scroll of fog
 w - 5 scrolls of remove curse
 C - 3 scrolls of immolation
 U - 2 scrolls of holy word
 V - 2 scrolls of identify
Potions
 i - 3 potions of brilliance
 k - a potion of resistance
 p - 7 potions of heal wounds
 u - a potion of haste
 v - 5 potions of curing
 x - 6 potions of flight
 z - a potion of magic
 D - 4 potions of cancellation
 G - 3 potions of ambrosia
 J - 4 potions of lignification
 K - 5 potions of might
Books
 L - a manual of Necromancy
Miscellaneous
 g - a phantom mirror
 I - a condenser vane


   Skills:
 + Level 10.9 Fighting
 + Level 10.9 Short Blades
 + Level 10.9 Long Blades
 + Level 10.9 Axes
 + Level 10.9 Maces & Flails
 + Level 10.9 Polearms
 + Level 10.9 Staves
 + Level 10.9 Slings
 + Level 10.9 Bows
 + Level 10.9 Crossbows
 + Level 10.9 Throwing
 + Level 10.9 Armour
 + Level 11.7 Dodging
 + Level 11.6 Stealth
 + Level 10.9(13.6) Shields
 + Level 10.9 Unarmed Combat
 + Level 11.8 Spellcasting
 + Level 9.2(13.6) Conjurations
 + Level 9.2(13.6) Hexes
 + Level 9.2(13.6) Summonings
 + Level 9.2(13.6) Necromancy
 + Level 9.2(13.6) Translocations
 + Level 9.5(13.8) Transmutations
 + Level 9.2(13.6) Fire Magic
 + Level 9.2(13.6) Ice Magic
 + Level 9.2(13.6) Air Magic
 + Level 9.2(13.6) Earth Magic
 + Level 10.7(14.9) Poison Magic
 + Level 11.7 Invocations
 + Level 10.9(15.1) Evocations


You had 11 spell levels left.
You knew the following spells:

 Your Spells              Type           Power        Failure   Level
a - Sting                 Tmut/Pois      100%         0%          1
b - Olgreb's Toxic Radia  Pois           93%          1%          4
c - Ignite Poison         Fire/Tmut/Pois 91%          1%          3
d - Mephitic Cloud        Conj/Pois/Air  90%          1%          3
e - Fireball              Conj/Fire      44%          1%          5
f - Summon Lightning Spi  Summ/Air       89%          1%          4
g - Apportation           Tloc           100%         0%          1
h - Invisibility          Hex            89%          1%          6

Your spell library contained the following spells:

 Spells                   Type           Power        Failure   Level
 Animate Skeleton         Necr           100%         0%          1
 Corona                   Hex            98%          0%          1
 Foxfire                  Conj/Fire      100%         0%          1
 Magic Dart               Conj           100%         0%          1
 Summon Small Mammal      Summ           100%         0%          1
 Blink                    Tloc           N/A          0%          2
 Call Imp                 Summ           89%          0%          2
 Poisonous Vapours        Pois/Air       100%         0%          2
 Slow                     Hex            89%          0%          2
 Call Canine Familiar     Summ           89%          1%          3
 Conjure Flame            Conj/Fire      89%          1%          3
 Inner Flame              Hex/Fire       89%          1%          3
 Lesser Beckoning         Tloc           44%          1%          3
 Summon Guardian Golem    Hex/Summ       89%          1%          3
 Tukima's Dance           Hex            89%          1%          3
 Cause Fear               Hex            44%          1%          4
 Sticky Flame             Conj/Fire      89%          1%          4
 Summon Ice Beast         Ice/Summ       89%          1%          4
 Alistair's Intoxication  Tmut/Pois      60%          1%          5
 Silence                  Hex/Air        44%          1%          5
 Yara's Violent Unravell  Hex/Tmut       44%          1%          5
 Discord                  Hex            44%          47%         8


Dungeon Overview and Level Annotations

Branches:
Dungeon (15/15)            Temple (1/1) D:6            Lair (6/6) D:11
 Shoals (0/4) Lair:3        Snake (0/4) Lair:3        Slime (0/5) Lair:6
    Orc (2/2) D:9             Elf (1/3) Orc:2        Vaults (0/5) D:13
 Depths (0/5) D:15          IceCv (visited)

Altars:
Ashenzari
Cheibriados
Dithmenos
Elyvilon
Fedhas
Gozag
Hepliaklqana
Kikubaaqudgha
Makhleb
Nemelex Xobeh
Okawaru
Qazlal
Ru
Sif Muna
Trog
Uskayaw
Vehumet
Wu Jian
Xom
Yredelemnul
Zin
The Shining One
Beogh
Jiyva

Shops:
D:9 *   D:15 :*   Orc:2 *:[?

Annotations:
D:4 Menkaure
D:15 3 runed translucent doors, exclusion: obsidian statue, Alvadar's ghost, journeyman DECj
Lair:3 1 runed translucent door, ufetubus's ghost, journeyman MiMo


Innate Abilities, Weirdness & Mutations

Your experience applies equally to all skills.
You have very sharp teeth.
Your uncanny sense of smell can sniff out nearby items.
You have sharp toenails.
Your system is resistant to poisons. (rPois)


Message History

You can't go down here!
The Executioner gestures at you. Pain shoots through your body!
You block the Executioner's attack. x2
The Executioner hits you but does no damage.
You block the Executioner's attack. The Executioner misses you.
The Executioner hits you but does no damage.
The Brimstone Fiend hits you.
The Brimstone Fiend completely misses you.
You block the Brimstone Fiend's attack.
The lich casts a spell.
Send 'em back where they came from!
Your lightning spire disappears in a puff of smoke!
There is a stone staircase leading down here.
You take 13 damage, and have 46/124 hp.
The Executioner hits you!!
* * * LOW HITPOINT WARNING * * *
The Executioner completely misses you.
The Executioner hits you but does no damage.
The Executioner hits you!!
You die...

#.#.#.#.⌠.⌠.########≈≈.########
#.#.#.#.._..########≈.#........
#.#.#.#.⌠.⌠.............≈≈≈####
#.#...#.#.############..##≈≈≈##
#####+....#.......(..........#≈≈#
≈≈≈≈≈#################.##≈≈....≈≈
....≈#...............<..≈≈..≈≈≈.#
)...≈#............###..≈≈...≈####
)...≈#..........@.+.........≈....
######..........11###.......#####
####..............L..............
.................§############...
####.)........[...# #...
#.............†# #...
#..............# #...
##############.## #... * *** ****
##.# * * #...


You could see a Brimstone Fiend (summoned), a lich (invisible) and an
Executioner (summoned, fast).

Vanquished Creatures
  2 liches (D:13)
  An orc warlord (D:12)
  A fire dragon (D:15)
  10 hydras
  8 boulder beetles
  4 vault guards (D:13)
  An ice dragon (D:15)
  2 two-headed ogres
  A dancing weapon (Orc:2)
  7 death yaks (Lair:6)
  4 centaur warriors
  A tengu warrior (D:13)
  9 orc high priests
  An ogre mage (D:15)
  3 unseen horrors
  3 orc knights
  5 ugly things (D:14)
  3 orc sorcerers
  A manticore (D:13)
  2 oklob plants (Lair:1)
  A salamander (shapeshifter) (D:13)
  2 cyclopes
  3 deep elf magi (Elf:1)
  8 black mambas
  2 centaur zombies
  14 cane toads
  4 torpor snails (Lair:3)
  An ice statue (IceCv)
  Psyche (D:8)
  2 gargoyles
  Maggie (D:7)
  14 komodo dragons
  2 ice devils (IceCv)
  3 rime drakes
  5 trolls
  6 polar bears
  8 hornets
  7 blink frogs
  8 dream sheep
  5 wraiths
  3 shadows
  16 spriggans
  70 yaks
  3 wyverns
  Eustachio (D:6)
  3 fire bats (Orc:2)
  2 basilisks
  A golden eye (shapeshifter) (D:15)
  8 humans (D:13)
  A steam dragon (D:11)
  5 wargs (Orc:2)
  4 vampire mosquitoes
  3 acid dragons
  16 water moccasins
  Duvessa (D:7)
  33 orc warriors
  A hornet zombie (D:13)
  7 black bears
  2 sky beasts (D:5)
  An eye of draining (D:12)
  4 phantoms
  6 ice beasts
  3 necrophages (D:9)
  49 wolves
  12 ogres
  5 boggarts
  14 centaurs
  2 big kobolds
  23 bullfrogs
  A gnoll sergeant (D:9)
  2 wyvern zombies
  Dowan (D:7)
  22 killer bees
  2 troll zombies (D:9)
  18 wights
  3 howler monkeys
  4 bullfrog zombies
  A wyvern simulacrum (D:14)
  4 hounds
  A jelly (D:8)
  A gnoll shaman (D:7)
  42 orc priests
  27 orc wizards
  A bullfrog skeleton (D:8)
  A centaur skeleton (D:8)
  Ijyb (D:4)
  2 iguanas
  12 worker ants
  A killer bee zombie (D:9)
  2 centaur simulacra (D:8)
  4 ogre zombies (D:9)
  A mummy (D:9)
  A hound skeleton (D:5)
  A hound zombie (D:11)
  A howler monkey zombie (D:10)
  15 adders
  12 gnolls
  A shadow imp (D:5)
  18 white imps
  A worker ant simulacrum (D:8)
  4 ufetubi (IceCv)
  2 oozes
  An adder zombie (D:8)
  A worm (D:3)
  2 adder simulacra (D:8)
  2 dart slugs (D:1)
  5 leopard geckos
  110 orcs
  4 bats
  4 giant cockroaches
  11 hobgoblins
  8 jackals
  A quokka (D:9)
  4 ball pythons
  4 frilled lizards
  15 goblins
  2 goblin zombies (D:9)
  2 hobgoblin zombies (D:9)
  20 kobolds
  A leopard gecko simulacrum (D:8)
  2 orc skeletons (D:9)
  13 orc zombies (D:9)
  13 rats
900 creatures vanquished.

Vanquished Creatures (collateral kills)
  A lich (D:13)
  The ghost of Gadfly the Spear-Bearer, a journeyman HOMo of Beogh (Lair:5)
  The ghost of Wuiniqim the Destroyer, a journeyman DrCj of Gozag (D:13)
  A skeletal warrior (D:14)
  An orc knight (D:12)
  An ice statue (IceCv)
  A torpor snail (Lair:3)
  7 ice devils (IceCv)
  A troll (D:14)
  A hornet (D:13)
  3 blink frogs (Lair:2)
  An orc warrior (D:12)
  A worker ant (D:14)
  2 white imps (IceCv)
  An ufetubus (IceCv)
24 creatures vanquished.

Vanquished Creatures (others)
  A reaper (IceCv)
  3 white imps (IceCv)
  An ufetubus (IceCv)
  52 fungi
  74 plants
131 creatures vanquished.

Grand Total: 1055 creatures vanquished

Notes
Turn   | Place    | Note
-------+----------+-------------------------------------------
     0 | D:1      | kaeus the Gnoll Venom Mage began the quest for the Orb.
     0 | D:1      | Reached XP level 1. HP: 13/13 MP: 6/6
   137 | D:1      | Reached XP level 2. HP: 19/19 MP: 4/7
   502 | D:1      | Reached XP level 3. HP: 25/25 MP: 3/9
   601 | D:1      | Reached skill level 5 in Spellcasting
   763 | D:1      | Reached skill level 1 in Invocations
   916 | D:1      | Reached skill level 1 in Fighting
   916 | D:1      | Reached skill level 1 in Short Blades
   916 | D:1      | Reached skill level 1 in Long Blades
   916 | D:1      | Reached skill level 1 in Axes
   916 | D:1      | Reached skill level 1 in Maces & Flails
   916 | D:1      | Reached skill level 1 in Polearms
   916 | D:1      | Reached skill level 1 in Staves
   916 | D:1      | Reached skill level 1 in Slings
   916 | D:1      | Reached skill level 1 in Bows
   916 | D:1      | Reached skill level 1 in Crossbows
   916 | D:1      | Reached skill level 1 in Throwing
   916 | D:1      | Reached skill level 1 in Armour
   916 | D:1      | Reached skill level 1 in Shields
   916 | D:1      | Reached skill level 1 in Unarmed Combat
   916 | D:1      | Reached skill level 1 in Evocations
  1329 | D:2      | Reached XP level 4. HP: 32/32 MP: 9/11
  1384 | D:2      | Learned a level 4 spell: Olgreb's Toxic Radiance
  1388 | D:2      | Learned a level 3 spell: Ignite Poison
  1392 | D:2      | Learned a level 3 spell: Mephitic Cloud
  1684 | D:2      | Reached skill level 1 in Conjurations
  1684 | D:2      | Reached skill level 1 in Hexes
  1684 | D:2      | Reached skill level 1 in Summonings
  1684 | D:2      | Reached skill level 1 in Necromancy
  1684 | D:2      | Reached skill level 1 in Translocations
  1684 | D:2      | Reached skill level 1 in Fire Magic
  1684 | D:2      | Reached skill level 1 in Ice Magic
  1684 | D:2      | Reached skill level 1 in Air Magic
  1684 | D:2      | Reached skill level 1 in Earth Magic
  2062 | D:3      | Reached XP level 5. HP: 37/37 MP: 9/12
  3278 | D:4      | Noticed Menkaure
  3309 | D:5      | Entered Level 5 of the Dungeon
  3583 | D:4      | Noticed Ijyb
  3587 | D:4      | Killed Ijyb
  3588 | D:4      | Reached XP level 6. HP: 44/44 MP: 1/13
  3602 | D:4      | Reached skill level 5 in Dodging
  3950 | D:5      | Noticed a water moccasin
  3958 | D:5      | Killed a water moccasin
  3959 | D:5      | Reached XP level 7. HP: 31/50 MP: 15/15
  4802 | D:5      | Reached skill level 5 in Stealth
  4984 | D:5      | Reached XP level 8. HP: 35/57 MP: 2/16
  5819 | D:6      | Noticed a two-headed ogre
  5832 | D:6      | Killed a two-headed ogre
  5833 | D:6      | Reached XP level 9. HP: 65/65 MP: 0/18
  6154 | D:6      | Found a staircase to the Ecumenical Temple.
  6183 | Temple   | Entered the Ecumenical Temple
  6349 | Temple   | Became a worshipper of Ashenzari the Shackled
  6520 | D:6      | Noticed Eustachio
  6529 | D:6      | Killed Eustachio
  7826 | D:7      | Reached skill level 5 in Invocations
  7985 | D:7      | Noticed Maggie
  7992 | D:7      | Killed Maggie
  8232 | D:7      | Noticed Duvessa
  8232 | D:7      | Noticed Dowan
  8241 | D:7      | Killed Duvessa
  8241 | D:7      | Killed Dowan
  8242 | D:7      | Reached XP level 10. HP: 73/73 MP: 3/20
  8631 | D:7      | Reached skill level 5 in Fighting
  8631 | D:7      | Reached skill level 5 in Short Blades
  8631 | D:7      | Reached skill level 5 in Long Blades
  8631 | D:7      | Reached skill level 5 in Axes
  8631 | D:7      | Reached skill level 5 in Maces & Flails
  8631 | D:7      | Reached skill level 5 in Polearms
  8631 | D:7      | Reached skill level 5 in Staves
  8631 | D:7      | Reached skill level 5 in Slings
  8631 | D:7      | Reached skill level 5 in Bows
  8631 | D:7      | Reached skill level 5 in Crossbows
  8631 | D:7      | Reached skill level 5 in Throwing
  8631 | D:7      | Reached skill level 5 in Armour
  8631 | D:7      | Reached skill level 5 in Shields
  8631 | D:7      | Reached skill level 5 in Unarmed Combat
  8631 | D:7      | Reached skill level 5 in Evocations
  8735 | D:8      | Noticed Psyche
  8739 | D:8      | Killed Psyche
  8860 | D:8      | Found a sparkling altar of Nemelex Xobeh.
  9522 | D:8      | Reached skill level 5 in Transmutations
 10283 | D:9      | Found Lill's General Store.
 10329 | D:9      | Reached * piety under Ashenzari
 10331 | D:9      | Found a staircase to the Orcish Mines.
 10785 | D:9      | Found a hide-covered altar of Uskayaw.
 10801 | D:9      | Reached XP level 11. HP: 67/81 MP: 3/22
 11369 | D:9      | Reached skill level 5 in Conjurations
 11369 | D:9      | Reached skill level 5 in Hexes
 11369 | D:9      | Reached skill level 5 in Summonings
 11369 | D:9      | Reached skill level 5 in Necromancy
 11369 | D:9      | Reached skill level 5 in Translocations
 11369 | D:9      | Reached skill level 5 in Fire Magic
 11369 | D:9      | Reached skill level 5 in Ice Magic
 11369 | D:9      | Reached skill level 5 in Air Magic
 11369 | D:9      | Reached skill level 5 in Earth Magic
 11656 | D:9      | Gained mutation: You are partially covered in iridescent
                  | scales. (AC +2) [potion of mutation]
 11656 | D:9      | Gained mutation: Your spells are a little harder to cast,
                  | but a little more powerful. [potion of mutation]
 11657 | D:9      | Lost mutation: Your spells are a little harder to cast, but
                  | a little more powerful. [potion of mutation]
 11657 | D:9      | Lost mutation: You are partially covered in iridescent
                  | scales. (AC +2) [potion of mutation]
 11657 | D:9      | Gained mutation: Your magical capacity is low. (-10% MP)
                  | [potion of mutation]
 11657 | D:9      | Gained mutation: Your spells are a little harder to cast,
                  | but a little more powerful. [potion of mutation]
 11664 | D:10     | Entered Level 10 of the Dungeon
 14143 | D:11     | Found a staircase to the Lair.
 14410 | Orc:1    | Entered Level 1 of the Orcish Mines
 14607 | Orc:1    | Reached ** piety under Ashenzari
 14767 | Orc:1    | Noticed an orc sorcerer
 14776 | Orc:1    | Killed an orc sorcerer
 14914 | Orc:2    | Entered Level 2 of the Orcish Mines
 14914 | Orc:2    | Found a staircase to the Elven Halls.
 14915 | Orc:2    | Identified 3 scrolls of acquirement
 14915 | Orc:2    | Acquired the cursed +3 great mace of the Pillar {antimagic,
                  | +Inv rElec rF++ Dex-2}
 14917 | Orc:2    | Acquired a cursed +2 kite shield of reflection
 14918 | Orc:2    | Acquired a book of Flames
 15037 | Orc:2    | Noticed an orc sorcerer
 15037 | Orc:2    | Noticed an orc knight
 15042 | Orc:2    | Noticed a soul eater
 15043 | Orc:2    | Killed an orc knight
 15043 | Orc:2    | Killed an orc sorcerer
 15044 | Orc:2    | Reached XP level 12. HP: 85/91 MP: 2/22
 15608 | Orc:2    | Noticed an orc high priest
 15620 | Orc:2    | Killed an orc high priest
 15825 | Orc:2    | Noticed an orc high priest
 15830 | Orc:2    | Killed an orc high priest
 16132 | Orc:2    | Found a roughly hewn altar of Beogh.
 16246 | Orc:2    | Noticed an orc high priest
 16269 | Orc:2    | Killed an orc high priest
 16427 | Orc:2    | Noticed an orc high priest
 16429 | Orc:2    | Noticed an orc high priest
 16431 | Orc:2    | Noticed a sun demon
 16434 | Orc:2    | Killed an orc high priest
 16434 | Orc:2    | Killed an orc high priest
 16436 | Orc:2    | Noticed an orc high priest
 16437 | Orc:2    | Found a roughly hewn altar of Beogh.
 16439 | Orc:2    | Killed an orc high priest
 16567 | Orc:2    | Noticed an orc high priest
 16571 | Orc:2    | Noticed an orc high priest
 16576 | Orc:2    | Killed an orc high priest
 16577 | Orc:2    | Killed an orc high priest
 17096 | Orc:2    | Found Memoestryll's Antique Armour Emporium.
 17096 | Orc:2    | Found Efimpira's Magic Scroll Shop.
 17110 | Orc:2    | Bought a scroll of remove curse for 54 gold pieces
 17110 | Orc:2    | Bought a scroll of remove curse for 54 gold pieces
 17145 | Orc:2    | Found Tys Utohi's Assorted Antiques.
 17145 | Orc:2    | Found Qyan's Book Shop.
 17150 | Orc:2    | Bought a knobbly silver ring for 160 gold pieces
 17150 | Orc:2    | Bought a shimmering bronze ring for 160 gold pieces
 17150 | Orc:2    | Identified the ring "Naniuvaz" {*Slow rPois Str+3 Dex+5
                  | SInv} (You bought it in a shop on level 2 of the Orcish
                  | Mines)
 17150 | Orc:2    | Bought a scroll of enchant armour for 240 gold pieces
 17159 | Orc:2    | Bought a book of Callings for 420 gold pieces
 17170 | Orc:2    | Bought a scroll of identify for 64 gold pieces
 17201 | Orc:2    | Bought a scroll of identify for 36 gold pieces
 17258 | Orc:2    | Learned a level 5 spell: Fireball
 17263 | Orc:2    | Learned a level 4 spell: Summon Lightning Spire
 17400 | Lair:1   | Entered Level 1 of the Lair of Beasts
 17405 | Lair:1   | Reached XP level 13. HP: 98/98 MP: 7/23
 18607 | Lair:1   | Reached *** piety under Ashenzari
 19807 | Lair:2   | Found the +8 whip "Snakebite" {curare, rPois}
 20750 | Lair:2   | Reached skill level 10 in Spellcasting
 20842 | Lair:2   | Got the uncursed robe "Uthruev" {rElec Str-2 Dex+2 SInv}
 20843 | Lair:2   | Identified the +4 robe "Uthruev" {rElec Str-2 Dex+2 SInv}
                  | (You found it on level 2 of the Lair of Beasts)
 21006 | Lair:3   | Found a staircase to the Snake Pit.
 21273 | Lair:3   | Found a staircase to the Shoals.
 21512 | Lair:3   | Reached **** piety under Ashenzari
 21860 | Lair:3   | Found a runed translucent door.
 21860 | Lair:3   | Noticed ufetubus's ghost (journeyman MiMo)
 21910 | Lair:3   | Reached XP level 14. HP: 106/106 MP: 23/25
 22053 | Lair:3   | Found a snail-covered altar of Cheibriados.
 22061 | Lair:3   | Reached skill level 10 in Dodging
 23065 | Lair:4   | Reached ***** piety under Ashenzari
 23375 | Lair:5   | Reached skill level 10 in Stealth
 23459 | Lair:5   | Found a runed translucent door.
 23463 | Lair:5   | Identified the +4 spear "kaeus's Regret" {elec, Str+2}
 23469 | Lair:5   | Noticed Gadfly's ghost (journeyman HOMo)
 23859 | Lair:5   | Reached skill level 10 in Invocations
 24188 | Lair:5   | Learned a level 1 spell: Apportation
 25021 | Lair:5   | Killed Gadfly's ghost
 25129 | Lair:6   | Entered Level 6 of the Lair of Beasts
 25461 | Lair:6   | Found a staircase to the Slime Pits.
 25461 | Lair:6   | Found a viscous altar of Jiyva.
 25989 | Lair:6   | Reached XP level 15. HP: 113/115 MP: 10/26
 26285 | Lair:6   | Reached skill level 10 in Poison Magic
 27285 | Elf:1    | Entered Level 1 of the Elven Halls
 27290 | Elf:1    | Reached skill level 10 in Fighting
 27290 | Elf:1    | Reached skill level 10 in Short Blades
 27290 | Elf:1    | Reached skill level 10 in Long Blades
 27290 | Elf:1    | Reached skill level 10 in Axes
 27290 | Elf:1    | Reached skill level 10 in Maces & Flails
 27290 | Elf:1    | Reached skill level 10 in Polearms
 27290 | Elf:1    | Reached skill level 10 in Staves
 27290 | Elf:1    | Reached skill level 10 in Slings
 27290 | Elf:1    | Reached skill level 10 in Bows
 27290 | Elf:1    | Reached skill level 10 in Crossbows
 27290 | Elf:1    | Reached skill level 10 in Throwing
 27290 | Elf:1    | Reached skill level 10 in Armour
 27290 | Elf:1    | Reached skill level 10 in Shields
 27290 | Elf:1    | Reached skill level 10 in Unarmed Combat
 27290 | Elf:1    | Reached skill level 10 in Evocations
 27657 | D:9      | Bought a potion of heal wounds for 65 gold pieces
 28137 | Orc:1    | Found a burning altar of Makhleb.
 28955 | D:12     | Noticed an orc warlord
 28970 | D:12     | Killed an orc warlord
 29073 | D:12     | Learned a level 6 spell: Invisibility
 29519 | D:12     | Found a roughly hewn altar of Beogh.
 29878 | D:12     | Found a roughly hewn altar of Beogh.
 30206 | D:13     | Reached ****** piety under Ashenzari
 30259 | D:13     | Found a runed translucent gate.
 30259 | D:13     | Found a runed translucent gate.
 30435 | D:13     | Found a sparkling altar of Nemelex Xobeh.
 30436 | D:13     | Found a runed translucent gate.
 30633 | D:13     | Found a gate to the Vaults.
 30642 | D:13     | Identified the +1 tower shield of Utiasole {Rampage rElec
                  | rN+++ Str-5}
 30944 | D:13     | Found an ancient bone altar of Kikubaaqudgha.
 30944 | D:13     | Noticed a lich
 30944 | D:13     | Noticed Wuiniqim's ghost (journeyman DrCj)
 30944 | D:13     | Noticed a lich
 30944 | D:13     | Noticed a lich
 30945 | D:13     | Identified the +1 hat of the Heavens {*Drain Regen+ Int+7}
 30945 | D:13     | Identified the ring "Kuasa" {Wiz rElec Slay+2}
 30945 | D:13     | Noticed a lich
 31184 | D:13     | Found a sparkling altar of Nemelex Xobeh.
 31483 | D:14     | Found a frozen archway.
 31491 | IceCv    | Entered an ice cave
 33986 | D:14     | Reached XP level 16. HP: 100/123 MP: 9/28
 35098 | D:14     | Lost mutation: Your magical capacity is low. (-10% MP)
                  | [potion of mutation]
 35098 | D:14     | Lost mutation: Your spells are a little harder to cast, but
                  | a little more powerful. [potion of mutation]
 35098 | D:14     | Gained mutation: You have sharp toenails. [potion of
                  | mutation]
 35098 | D:14     | Gained mutation: Your system is resistant to poisons.
                  | (rPois) [potion of mutation]
 35229 | D:15     | Entered Level 15 of the Dungeon
 35398 | D:15     | Found an ancient bone altar of Kikubaaqudgha.
 35402 | D:15     | Found Gaoka's Profane Products.
 35409 | D:15     | Bought the +7 sceptre of Torment {pain, torment} for 1560
                  | gold pieces
 35409 | D:15     | Found the +7 sceptre of Torment {pain, torment}
 35625 | D:15     | Found a runed translucent gate.
 35625 | D:15     | Found an opulent altar of Gozag.
 35625 | D:15     | Found a runed translucent gate.
 35626 | D:15     | Found a runed translucent gate.
 35627 | D:15     | Noticed Alvadar's ghost (journeyman DECj)
 35627 | D:15     | Noticed a storm dragon
 35735 | D:15     | Found Poonoma's Book Boutique.
 36263 | D:15     | Found a staircase to the Depths.
 36653 | D:13     | Paralysed by a lich for 5 turns
 36663 | D:13     | Paralysed by a lich for 5 turns
 36664 | D:13     | Noticed an Ice Fiend
 36669 | D:13     | Killed a lich
 36908 | D:13     | Killed a lich
 37042 | D:13     | Killed Wuiniqim's ghost
 37102 | D:13     | Killed a lich
 37308 | D:13     | Noticed an Executioner
 37310 | D:13     | Noticed a Brimstone Fiend
 37315 | D:13     | Mangled by an Executioner

Illustrated notes

Levels and vault maps discovered:
D:1:      dpeg_arrival_leaves_temple_mockup, layout_loops_cross
D:2:      layout_rooms
D:3:      layout_basic
D:4:      layout_loops_cross, uniq_menkaure, uniq_ijyb
D:5:      layout_loops_corners, hangedman_decor_points, minmay_strange_pillars
D:6:      layout_loops_cross, temple_doors_cd, uniq_eustachio
D:7:      layout_loops_cross, uniq_maggie, uniq_duvessa
D:8:      layout_loops_corners, serial_ice, serial_ice_m, serial_ice_h,
          serial_ice_k, serial_ice_b, serial_ice_a, serial_ice_g, serial_ice_f,
          serial_ice_e, serial_ice_c, serial_ice_d, nemelex_spade_bored_becter,
          uniq_psyche
D:9:      layout_roguey, eat_drink_and_be_merry_uskayaw, zombieorc1_lemuel,
          serial_shops, shop, enter_bailey_5, serial_undead, serial_undead_c,
          serial_undead_e, serial_undead_e, serial_undead_a
D:10:     layout_long_grid, minmay_misc_feat_four_crosses, serial_park_tiny_pond
D:11:     layout_rooms, david_lair_shrubbed, nrook_campfire, minmay_diced_spiral
D:12:     orc_temple, layout_layer_cave, special_room [special_room_orc]
D:13:     layout_basic, ximxim_vaults_locker_room, basic_altar, serial_rivers,
          chequers_serial_rivers_micro_b, chequers_serial_rivers_room_a,
          chequers_serial_rivers_small_b, chequers_serial_rivers_small_a,
          chequers_serial_rivers_large_a, gammafunk_ghost_crypt,
          nemelex_xobeh_ov_fountains_minmay
D:14:     layout_roguey, portal_ice_cave_entry_pillars_1,
          chequers_serial_rivers_micro_d, fungi_pond_lemuel,
          minmay_fractal_squares_gapless_5
D:15:     grunt_enter_depths_hoard, layout_long_grid, ebering_ghost_gozag,
          serial_shops, nicolae_shop_trees, nicolae_evil_shop
Temple:   kilobyte_greek_temple
Lair:1:   layout_hall_layers, grunt_megastairs_1, minmay_lair_oklob_chamber
Lair:2:   layout_layer_cave
Lair:3:   layout_regular_city, minmay_shoals_entry_centaurs,
          minmay_snake_entry_six_corridors, gammafunk_ghost_grave, st_stairs_7,
          kennysheep_snail_temple
Lair:4:   layout_layer_cave
Lair:5:   layout_layer_cave, ebering_ghost_funeral_grove, serial_bayou_pond_a
Lair:6:   minmay_lair_end_enchanted_forest, layout_cave_pods, slime_altar_1,
          infiniplex_staircase_pool
Orc:1:    layout_caves, basic_altar
Orc:2:    st_orc_town, layout_diamond_mine, nicolae_volcano_entry_batcave,
          basic_altar
Elf:1:    eino_elf_arrival_shootout, layout_loops_cross, minivault_28

Skill      XL: |  1  2  3  4  5  6  7  8  9 10 11 12 13 14 15 16 |
---------------+-------------------------------------------------+-----
Transmutations | 2 3 4 5 6 7 8 9 |  9.5
Spellcasting   | 5 6 7 8 9 10 11 | 11.8
Invocations    | 1 2 3 4 5 6 7 8 9 10 11 | 11.7
Fighting       | 1 2 3 4 5 7 8 9 10 | 10.9
Short Blades   | 1 2 3 4 5 7 8 9 10 | 10.9
Long Blades    | 1 2 3 4 5 7 8 9 10 | 10.9
Axes           | 1 2 3 4 5 7 8 9 10 | 10.9
Maces & Flails | 1 2 3 4 5 7 8 9 10 | 10.9
Polearms       | 1 2 3 4 5 7 8 9 10 | 10.9
Staves         | 1 2 3 4 5 7 8 9 10 | 10.9
Slings         | 1 2 3 4 5 7 8 9 10 | 10.9
Bows           | 1 2 3 4 5 7 8 9 10 | 10.9
Crossbows      | 1 2 3 4 5 7 8 9 10 | 10.9
Throwing       | 1 2 3 4 5 7 8 9 10 | 10.9
Armour         | 1 2 3 4 5 7 8 9 10 | 10.9
Shields        | 1 2 3 4 5 7 8 9 10 | 10.9
Unarmed Combat | 1 2 3 4 5 7 8 9 10 | 10.9
Evocations     | 1 2 3 4 5 7 8 9 10 | 10.9
Conjurations   | 1 2 3 4 5 6 7 8 9 |  9.2
Hexes          | 1 2 3 4 5 6 7 8 9 |  9.2
Summonings     | 1 2 3 4 5 6 7 8 9 |  9.2
Necromancy     | 1 2 3 4 5 6 7 8 9 |  9.2
Translocations | 1 2 3 4 5 6 7 8 9 |  9.2
Fire Magic     | 1 2 3 4 5 6 7 8 9 |  9.2
Ice Magic      | 1 2 3 4 5 6 7 8 9 |  9.2
Air Magic      | 1 2 3 4 5 6 7 8 9 |  9.2
Earth Magic    | 1 2 3 4 5 6 7 8 9 |  9.2
Dodging        | 5 6 7 8 9 10 11 | 11.7
Stealth        | 5 6 7 8 9 10 11 | 11.6
Poison Magic   | 6 7 8 9 10 | 10.7

Action                   |  1- 3 |  4- 6 |  7- 9 | 10-12 | 13-15 | 16-18 || total
-------------------------+-------+-------+-------+-------+-------+-------++-------
Melee: Dagger            |    44 |    45 |       |       |       |       ||    89
       Bite              |     4 |    11 |    23 |    90 |   181 |    25 ||   334
       Unarmed           |     2 |       |       |       |       |       ||     2
       Trident           |       |    11 |   103 |   695 |   179 |       ||   988
       Punch             |       |     1 |     2 |       |       |       ||     3
       Staff             |       |       |    77 |    58 |       |       ||   135
       Whip              |       |       |       |       |   894 |   110 ||  1004
       Eveningstar       |       |       |       |       |       |    64 ||    64
 Cast: Sting             |    51 |    63 |    62 |    72 |   186 |    43 ||   477
       Olgreb's Toxic Ra |       |     3 |    18 |    86 |    98 |    17 ||   222
       Ignite Poison     |       |     3 |    12 |    32 |    35 |     6 ||    88
       Mephitic Cloud    |       |     2 |     5 |     9 |     3 |     1 ||    20
       Fireball          |       |       |       |       |    22 |     4 ||    26
       Summon Lightning  |       |       |       |       |    16 |    13 ||    29
Invok: Curse Item        |       |       |       |     5 |       |       ||     5
Evoke: Wand              |       |       |       |       |       |     1 ||     1
  Use: Scroll            |       |       |    16 |    15 |    18 |     3 ||    52
       Potion            |       |       |       |     8 |     1 |     2 ||    11
 Stab: Sleeping          |     1 |       |     1 |     5 |     4 |       ||    11
       Distracted        |       |       |       |       |     3 |     2 ||     5
Armor: Robe              |    14 |     6 |    17 |       |    57 |    34 ||   128
       Leather armour    |       |       |    30 |       |       |       ||    30
       Steam dragon scal |       |       |       |   113 |    20 |       ||   133
       Skin              |       |       |       |    15 |       |       ||    15
Dodge: Dodged            |    41 |    41 |   135 |   413 |   284 |    59 ||   973
Block: Buckler           |       |       |    34 |   263 |       |       ||   297
       Kite shield       |       |       |       |   133 |   867 |   171 ||  1171
       Reflection        |       |       |       |     9 |    16 |    12 ||    37
